 Dungeon Crawl Stone Soup version 0.29.1-2-gbd0b4ee654 (webtiles) character file.

Game seed: 273697820053635022

597 Godmorgon the Cudgeller (level 7, -3/56 HPs)
             Began as a Formicid Abyssal Knight on Oct 26, 2022.
             Was an Elder of Lugonu.
             Slain by a gnoll
             ... wielding a +0 flail
              (5 damage)
             ... on level 5 of the Dungeon.
             The game lasted 00:18:37 (5916 turns).

Godmorgon the Cudgeller (Formicid Abyssal Knight)   Turns: 5916, Time: 00:18:37

Health: -3/56      AC: 10    Str: 19    XL:     7   Next: 68%
Magic:  10/10      EV:  7    Int: 10    God:    Lugonu [****..]
Gold:   290        SH:  0    Dex: 14    Spells: 6/6 levels left

rFire   . . .      SeeInvis +   a - +0 giant club
rCold   . . .      Faith    .   (shield currently unavailable)
rNeg    . . .      Spirit   .   g - +0 chain mail
rPois   .          Reflect  .   (helmet unavailable)
rElec   .          Harm     .   (no cloak)
rCorr   .          Rampage  .   x - +1 pair of gloves
Will    .....                   (no boots)
Stlth   ..........              (no amulet)
HPRegen 0.18/turn               (no ring)
MPRegen 0.12/turn               (no ring)

@: mighty
A: permanent stasis, dig shafts and tunnels, antennae 3, four strong arms
a: Dig, Shaft Self, Renounce Religion, Depart the Abyss, Bend Space, Banish,
Corrupt


You were on level 5 of the Dungeon.
You worshipped Lugonu.
Lugonu was greatly pleased with you.
You visited 1 branch of the dungeon, and saw 5 of its levels.
You visited the Abyss 1 time.

You collected 290 gold pieces.

Inventory:

Hand Weapons
 a - a +0 giant club (weapon)
 b - a +1 sling of flaming
 B - a +0 flail
Missiles
 r - 11 poisoned darts (quivered)
 u - 4 boomerangs
 z - a throwing net
Armour
 g - a +0 chain mail (worn)
 x - a +1 pair of gloves (worn)
Wands
 e - a wand of flame (17)
 m - a wand of iceblast (1)
 n - a wand of charming (20)
Scrolls
 c - a scroll of fear {unknown}
 d - a scroll of torment {unknown}
 i - 2 scrolls of identify
 j - 3 scrolls of enchant armour {unknown}
 k - a scroll of silence {unknown}
 l - 2 scrolls of butterflies {unknown}
 v - 4 scrolls of teleportation {unknown}
 w - a scroll of blinking {unknown}
 y - 2 scrolls of vulnerability {unknown}
 A - a scroll of amnesia {unknown}
Potions
 f - a potion of flight
 h - a potion of ambrosia {unknown}
 o - a potion of might
 q - a potion of heal wounds {unknown}
 s - a potion of haste {unknown}
 t - 3 potions of mutation


   Skills:
 + Level 5.2 Fighting
 * Level 5.6 Maces & Flails
 * Level 1.4 Throwing
 - Level 2.1 Armour
 - Level 0.8 Dodging
 + Level 4.9 Invocations


You had 6 spell levels left.
You didn't know any spells.
Your spell library was empty.

Dungeon Overview and Level Annotations

Branches:
Dungeon (5/15)             Temple (0/1) D:5

Altars:
Elyvilon
Hepliaklqana
Kikubaaqudgha
Makhleb
Nemelex Xobeh
Okawaru
Zin

Shops:
D:2 !


Innate Abilities, Weirdness & Mutations

You cannot be hasted, slowed, berserked, paralysed or teleported.
You can dig through walls and to a lower floor.
You have a pair of large antennae on your head. (SInv)
Your four strong arms can wield two-handed weapons with a shield.


Message History

You struggle against the net.
The gnoll hits you with a +0 flail.
* * * LOW HITPOINT WARNING * * *
You struggle against the net.
The gnoll completely misses you.
You rip the net and break free!
The gnoll barely misses you. The gnoll attacks as you move away!
The gnoll hits you with a +0 flail!
* * * LOW HITPOINT WARNING * * *
The gnoll attacks as you move away! The gnoll barely misses you.
You feel very mighty all of a sudden. The gnoll hits you with a +0 flail.
* * * LOW HITPOINT WARNING * * *
You feel better. The gnoll barely misses you.
Unknown command.
Adjust (i)tems, (s)pells, or (a)bilities?
B - a +0 giant club Adjust to which letter? (? for menu, Esc to quit)
a - a +0 giant club;
B - a +0 flail (weapon)
a - a +0 giant club (weapon)
The gnoll attacks as you move away! The gnoll hits you with a +0 flail.
* * * LOW HITPOINT WARNING * * *
Things that are here:
an ogre corpse; an adder corpse The gnoll attacks as you move away!
The gnoll hits you but does no damage.
Okay, then.
Press: ? - help, v - describe, . - travel
Here: an orc warrior, wielding a +0 arbalest, wearing a +0 plate armour and quivering stones The floor.
Unknown command.
Unknown command.
The gnoll attacks as you move away! The gnoll barely misses you.
The gnoll attacks as you move away! The gnoll hits you with a +0 flail!
* * * LOW HITPOINT WARNING * * *
Okay, then.
Okay, then.
The gnoll attacks as you move away! The gnoll closely misses you.
The orc warrior shoots a bolt.
The bolt closely misses you. The gnoll attacks as you move away!
The gnoll hits you with a +0 flail.
* * * LOW HITPOINT WARNING * * *
The gnoll attacks as you move away! The gnoll closely misses you.
The gnoll attacks as you move away! The gnoll hits you with a +0 flail.
You die...

#.)..# #.# ######.###.#
#........#.# ######
#......#.#.# ###.....
#........#.# #...####
#......#.#.# ###.......
######.###.#####.........
#....<#.#o............
####.###@#.{.###.........
#........g..## #.........
#......#..### #######...
#.....[..## #######...
#........# #.........
#........#######.........
######...................
#...#######.........
#...# #.....)..⌠....


You could see a gnoll.

Vanquished Creatures
  An ogre (D:5)
  A gnoll sergeant (D:4)
  A howler monkey (D:3)
  A jelly (D:4)
  A hound (D:4)
  Jessica (D:2)
  2 iguanas
  5 adders
  11 gnolls
  2 white imps (D:4)
  An ufetubus (D:4)
  2 worms
  2 dart slugs (D:3)
  7 orcs
  9 ball pythons
  3 bats
  7 endoplasms
  6 giant cockroaches
  7 goblins
  8 hobgoblins
  4 jackals (D:1)
  8 kobolds
  3 quokkas
  5 frilled lizards
  6 rats
104 creatures vanquished.

Vanquished Creatures (others)
  5 toadstools (D:1)
5 creatures vanquished.

Grand Total: 109 creatures vanquished

Notes
Turn   | Place    | Note
-------+----------+-------------------------------------------
     0 | Abyss:1  | Godmorgon the Formicid Abyssal Knight began the quest for
                  | the Orb.
     0 | Abyss:1  | Reached XP level 1. HP: 18/18 MP: 2/2
     1 | D:1      | Escaped the Abyss
   138 | D:1      | Reached XP level 2. HP: 20/24 MP: 3/3
   693 | D:1      | Found a faded altar of an unknown god.
   726 | D:1      | Reached XP level 3. HP: 29/29 MP: 4/4
  1286 | D:2      | Found Piorub's Distillery.
  1730 | D:2      | Reached *** piety under Lugonu
  1731 | D:2      | Reached XP level 4. HP: 37/37 MP: 6/6
  1964 | D:2      | Noticed Jessica
  1971 | D:2      | Killed Jessica
  1977 | D:2      | Reached XP level 5. HP: 35/42 MP: 7/7
  2209 | D:3      | Found a hazy altar of Hepliaklqana.
  2209 | D:3      | Found a white marble altar of Elyvilon.
  3243 | D:4      | Reached XP level 6. HP: 40/49 MP: 8/8
  3350 | D:4      | Found a glowing silver altar of Zin.
  3359 | D:4      | Found an ancient bone altar of Kikubaaqudgha.
  3364 | D:4      | Found a burning altar of Makhleb.
  3473 | D:4      | Found an iron altar of Okawaru.
  3638 | D:4      | Found a sparkling altar of Nemelex Xobeh.
  4123 | D:5      | Entered Level 5 of the Dungeon
  4162 | D:5      | Noticed an ogre
  4587 | D:5      | Noticed an orc warrior
  4621 | D:4      | Reached skill level 5 in Maces & Flails
  4716 | D:4      | Reached XP level 7. HP: 23/55 MP: 10/10
  4994 | D:4      | Reached skill level 5 in Fighting
  5353 | D:5      | Found a staircase to the Ecumenical Temple.
  5443 | D:4      | Reached **** piety under Lugonu
  5842 | D:5      | Reached skill level 1 in Throwing
  5899 | D:5      | HP: 1/56 [gnoll/+0 flail (8)]
  5910 | D:5      | HP: 1/56 [gnoll/+0 flail (2)]
  5916 | D:5      | Slain by a gnoll

Illustrated notes

Levels and vault maps discovered:
D:1:      ldierk_walled_garden, layout_basic, ebering_ecumenical_altar_abandoned
D:2:      minmay_chambers_of_twos, layout_loops_cross, serial_shops,
          nicolae_shop_stone, uniq_jessica
D:3:      layout_loops_ring, nicolae_overflow_two_pavilions
D:4:      layout_cave_pools, minmay_overflow_temple_star_quad,
          mainiacjoe_overflow_alcove_4, mainiacjoe_overflow_24_doors
D:5:      layout_basic, temple_fountains, st_stairs_5, abandoned_shop,
          chequers_serial_rivers_small_3

Skill      XL: |  1  2  3  4  5  6  7 |
---------------+----------------------+-----
Maces & Flails | 3 4 5 |  5.6
Invocations    | 3 4 |  4.9
Fighting       | 4 5 |  5.2
Throwing       | 1 |  1.4
Armour         | |  2.1
Dodging        | |  0.8

Action                   |  1- 3 |  4- 6 |  7- 9 || total
-------------------------+-------+-------+-------++-------
Melee: Mace              |   104 |   119 |       ||   223
       Flail             |       |    62 |    41 ||   103
       Punch             |       |     2 |       ||     2
Throw: Stone             |     4 |     3 |       ||     7
       Dart              |       |     9 |     2 ||    11
  Use: Scroll            |       |     5 |       ||     5
       Potion            |       |       |     3 ||     3
Armor: Ring mail         |    46 |    57 |       ||   103
       Leather armour    |     1 |       |       ||     1
       Chain mail        |       |     8 |    31 ||    39
Dodge: Dodged            |    69 |    93 |    23 ||   185
